 Dungeon Crawl Stone Soup version 0.25.1-2-g60ff931df9 (webtiles) character file.

Game seed: 11984988009501496207

12877 lorenzova the Thaumaturge (level 11, -1/54 HPs)
             Began as a Deep Elf Conjurer on Sept 17, 2020.
             Was a Priest of Vehumet.
             Slain by a gargoyle
             ... wielding a +2 mace of protection
              (16 damage)
             ... on level 11 of the Dungeon.
             The game lasted 00:26:08 (13173 turns).

lorenzova the Thaumaturge (Deep Elf Conjurer)      Turns: 13173, Time: 00:26:09

Health: -1/54      AC:  6    Str:  5    XL:     11   Next: 68%
Magic:  16/31      EV: 12    Int: 24    God:    Vehumet [***...]
Gold:   219        SH:  0    Dex: 18    Spells: 25/39 levels left

rFire    . . .     SeeInvis +   S - +6 scimitar "Sunlugh" {venom, Dex+3 SInv}
rCold    + . .     Gourm    .   (no shield)
rNeg     + . .     Faith    .   H - +3 leather armour of Complete Protection {+Fly rN+ Regen+}
rPois    .         Spirit   .   (no helmet)
rElec    .         Reflect  .   (no cloak)
rCorr    .         Harm     .   (no gloves)
MR       +....                  (no boots)
Stlth    ++........             (no amulet)
HPRegen  0.58/turn              o - ring of wizardry (curse)
MPRegen  0.22/turn              x - ring of protection from cold

@: no status effects
A: no striking features
a: Renounce Religion, Evoke Flight


You were on level 11 of the Dungeon.
You worshipped Vehumet.
Vehumet was most pleased with you.
You were not hungry.

You visited 2 branches of the dungeon, and saw 12 of its levels.

You collected 611 gold pieces.
You spent 392 gold pieces at shops.

Inventory:

Hand Weapons
 C - the +6 spear of the Wraith {freeze, rF++}
   (You found it on level 6 of the Dungeon)

   It has been specially enchanted to freeze those struck by it, causing extra
   injury to most foes and up to half again as much damage against particularly
   susceptible opponents.
   It can also slow down cold-blooded creatures.
   It greatly protects you from fire.
 S - the +6 scimitar "Sunlugh" (weapon) {venom, Dex+3 SInv}
   (You took it off an orc on level 10 of the Dungeon)

   It poisons the flesh of those it strikes.
   It affects your dexterity (+3).
   It lets you see invisible.
Armour
 a - a +0 robe
 f - a +0 leather armour of cold resistance
 v - a +2 leather armour of poison resistance
 G - a +0 robe of cold resistance
 H - the +3 leather armour of Complete Protection (worn) {+Fly rN+ Regen+}
   (You bought it in a shop on level 9 of the Dungeon)

   It protects you from negative energy.
   It lets you fly.
   It increases your rate of regeneration.
 L - a +1 robe of fire resistance
Jewellery
 n - an uncursed ring of protection from magic
 o - a cursed ring of wizardry (left hand)
 x - a ring of protection from cold (right hand)
 A - an uncursed ring of protection from cold
 E - an uncursed ring of positive energy
 M - a +6 ring of strength
 R - an uncursed ring of wizardry
Wands
 s - a wand of enslavement (6)
 z - a wand of clouds (5)
 D - a wand of iceblast (8)
 I - a wand of random effects (18)
Scrolls
 d - 10 scrolls of remove curse
 h - a scroll of fog
 l - 2 scrolls of immolation
 p - 5 scrolls of magic mapping
 q - 2 scrolls of fear {unknown}
 w - 3 scrolls of enchant weapon
 y - 3 scrolls of amnesia
 B - 5 scrolls of teleportation
 J - a scroll of blinking
 K - 2 scrolls of silence
 N - a scroll of noise {unknown}
 O - a scroll of enchant armour {unknown}
 P - a scroll of summoning {unknown}
Potions
 b - 4 potions of flight
 e - a potion of degeneration {unknown}
 g - 3 potions of heal wounds
 i - a potion of lignification {unknown}
 j - 2 potions of mutation
 k - a potion of invisibility {unknown}
 m - a potion of brilliance {unknown}
 r - 10 potions of curing
 t - 2 potions of might
 u - 5 potions of cancellation
 F - a potion of berserk rage {unknown}
Comestibles
 c - 27 rations
 Q - 3 chunks of flesh


   Skills:
 - Level 2.4 Dodging
 - Level 2.4 Stealth
 * Level 14.6 Spellcasting
 * Level 13.0 Conjurations
 - Level 9.0 Hexes
 - Level 6.0 Translocations
 + Level 3.6 Fire Magic


You had 25 spell levels left.
You knew the following spells:

 Your Spells              Type           Power        Failure   Level  Hunger
a - Magic Dart            Conj           ####         1%          1    None
c - Iskenderun's Mystic   Conj/Tloc      ######..     1%          4    None
d - Fulminant Prism       Conj/Hex       ######....   1%          4    None
x - Conjure Flame         Conj/Fire      ######..     1%          3    None
z - Searing Ray           Conj           ######       1%          2    None

Your spell library contained the following spells:

 Spells                   Type           Power        Failure   Level  Hunger
 Static Discharge         Conj/Air       #####...     1%          3    None
 Apportation              Tloc           #####.       1%          1    None
 Corona                   Hex            ######.      1%          1    None
 Ensorcelled Hibernation  Hex/Ice        #####.       1%          2    None
 Confusing Touch          Hex            ######..     1%          3    None
 Dazzling Flash           Conj/Hex       ######       1%          3    None
 Ignite Poison            Fire/Tmut/Pois ###.....     1%          3    None
 Mephitic Cloud           Conj/Pois/Air  #####...     1%          3    None
 Tukima's Dance           Hex            ######..     1%          3    None
 Animate Skeleton         Necr           N/A          2%          1    None
 Sting                    Tmut/Pois      ###.         2%          1    None
 Summon Small Mammal      Summ           ###.         2%          1    None
 Poisonous Vapours        Pois/Air       ###...       3%          2    None
 Olgreb's Toxic Radiance  Pois           ###.....     7%          4    None


Dungeon Overview and Level Annotations

Branches:
Dungeon (11/15)            Temple (1/1) D:6            Lair (0/6) D:9
    Orc (0/2) D:10

Altars:
Cheibriados
Elyvilon
Fedhas
Gozag
Kikubaaqudgha
Makhleb
Okawaru
Ru
Sif Muna
Trog
Uskayaw
Vehumet
Yredelemnul
Zin

Shops:
D:9 *(*(

Annotations:
D:8 2 transporters, gruber's ghost, novice NaTm
D:9 exclusion: downstairs


Message History

You finish channeling your searing ray.
The gargoyle hits you with a +2 mace of protection!
Casting: Searing Ray (safe; 1% risk of failure)
Confirm with . or Enter, or press ? or * to list all spells.
Aiming: Searing Ray (safe; 1% risk of failure)
Press: ? - help, Shift-Dir - straight line, f/p - gargoyle
Aim: a gargoyle, wielding a +2 mace of protection (heavily damaged)
The searing ray hits the gargoyle.
The gargoyle is severely damaged. (Press . to maintain the ray.)
The gargoyle hurls a stone arrow at you.
The stone arrow misses you.
The searing ray hits the gargoyle!
The gargoyle is almost destroyed.
The gargoyle hurls a stone arrow at you.
The stone arrow hits you!
* * * LOW HITPOINT WARNING * * *
The searing ray misses the gargoyle.
The gargoyle hits you with a +2 mace of protection!
You die...

#...........#
#.#########.#
## #.# #.#
.######.#####
#.#
............#
#.#
#######.###.#
#.# #.# #.#
#.###.#####.#
#........9@.#
#####.#######


You could see a gargoyle.

Vanquished Creatures
  Harold (D:7)
  A two-headed ogre (D:9)
  Erica (D:9)
  An unseen horror (D:10)
  Pikel (D:5)
  A cyclops (D:11)
  2 manticores (D:11)
  Maggie (D:8)
  3 trolls
  A vampire (D:11)
  2 wyverns (D:9)
  Eustachio (D:4)
  12 yaks
  A hungry ghost (D:7)
  Menkaure (D:7)
  Duvessa (D:5)
  4 orc warriors
  5 ice beasts
  3 sky beasts
  An eye of draining (D:10)
  A necrophage (D:6)
  6 ogres
  A phantom (D:9)
  6 centaurs
  A crocodile (D:10)
  Blork the orc (D:4)
  A bullfrog (D:7)
  A water moccasin zombie (D:6)
  4 scorpions
  A water moccasin skeleton (D:4)
  Dowan (D:5)
  4 killer bees (D:11)
  17 wights
  5 howler monkeys
  5 crimson imps
  2 bullfrog zombies
  A quasit (D:9)
  3 hounds
  5 jellies
  5 orc priests
  7 orc wizards
  2 iguanas
  8 worker ants
  A hound skeleton (D:11)
  3 gnolls (D:4)
  A howler monkey skeleton (D:7)
  9 adders
  2 shadow imps
  An ooze (D:2)
  2 adder zombies
  An adder skeleton (D:9)
  3 worms
  A dart slug (D:1)
  6 leopard geckos
  34 orcs
  2 ball pythons
  6 bats
  6 giant cockroaches
  4 hobgoblins
  10 jackals
  5 kobolds
  5 quokkas
  2 frilled lizards
  5 goblins
  A jackal skeleton (D:4)
  A jackal zombie (D:5)
  A leopard gecko skeleton (D:7)
  2 quokka skeletons
  8 rats
254 creatures vanquished.

Vanquished Creatures (others)
  A slave (D:5)
  42 fulminant prisms
43 creatures vanquished.

Grand Total: 297 creatures vanquished

Notes
Turn   | Place    | Note
-------+----------+-------------------------------------------
     0 | D:1      | lorenzova the Deep Elf Conjurer began the quest for the
                  | Orb.
     0 | D:1      | Reached XP level 1. HP: 10/10 MP: 6/6
   322 | D:1      | Reached XP level 2. HP: 15/15 MP: 1/8
   403 | D:1      | Learned a level 2 spell: Searing Ray
   562 | D:1      | You fall into a shaft and drop 1 floor!
   881 | D:2      | Reached skill level 4 in Spellcasting
   881 | D:2      | Reached skill level 5 in Conjurations
   881 | D:2      | Reached XP level 3. HP: 17/19 MP: 1/10
  1345 | D:2      | Reached XP level 4. HP: 24/24 MP: 2/12
  1949 | D:3      | Reached skill level 5 in Spellcasting
  2326 | D:3      | Reached XP level 5. HP: 28/28 MP: 10/14
  2497 | D:3      | Found a sacrificial altar of Ru.
  2498 | D:3      | Found an ancient bone altar of Kikubaaqudgha.
  2513 | D:3      | Found a basalt altar of Yredelemnul.
  2834 | D:3      | Found a shimmering blue altar of Sif Muna.
  3045 | D:4      | Reached skill level 6 in Spellcasting
  3151 | D:4      | Reached XP level 6. HP: 32/32 MP: 12/17
  3331 | D:4      | Reached skill level 7 in Spellcasting
  3417 | D:4      | Learned a level 4 spell: Fulminant Prism
  3422 | D:4      | Learned a level 4 spell: Iskenderun's Mystic Blast
  3448 | D:4      | Noticed Eustachio
  3456 | D:4      | Killed Eustachio
  3456 | D:4      | Reached XP level 7. HP: 27/36 MP: 12/20
  3948 | D:4      | Reached skill level 8 in Spellcasting
  3997 | D:4      | Noticed Blork the orc
  4000 | D:4      | Killed Blork the orc
  4000 | D:4      | Reached skill level 1 in Hexes
  4000 | D:4      | Reached skill level 1 in Translocations
  4701 | D:5      | Entered Level 5 of the Dungeon
  5006 | D:5      | Noticed Dowan
  5015 | D:5      | Killed Dowan
  5015 | D:5      | Reached XP level 8. HP: 34/41 MP: 18/22
  5026 | D:5      | Noticed Duvessa
  5393 | D:5      | Killed Duvessa
  5393 | D:5      | Reached skill level 9 in Spellcasting
  5514 | D:5      | Noticed Pikel
  5522 | D:5      | Killed Pikel
  5941 | D:6      | Found a staircase to the Ecumenical Temple.
  5986 | D:6      | Got a transparent spear
  5995 | Temple   | Entered the Ecumenical Temple
  5996 | Temple   | Identified the +6 spear of the Wraith {freeze, rF++} (You
                  | found it on level 6 of the Dungeon)
  6163 | Temple   | Became a worshipper of Vehumet
  6295 | D:6      | Reached skill level 10 in Spellcasting
  6552 | D:6      | Found a blossoming altar of Fedhas.
  6698 | D:6      | Reached XP level 9. HP: 45/45 MP: 20/25
  6939 | D:7      | Noticed Menkaure
  6943 | D:7      | Killed Menkaure
  7300 | D:7      | Reached skill level 5 in Hexes
  7416 | D:7      | Noticed Harold
  7422 | D:7      | Reached * piety under Vehumet
  7422 | D:7      | Offered knowledge of Sandblast by Vehumet.
  7440 | D:7      | Killed Harold
  7440 | D:7      | Reached skill level 11 in Spellcasting
  7440 | D:7      | Reached skill level 10 in Conjurations
  8088 | D:8      | Reached skill level 5 in Translocations
  8217 | D:8      | Reached XP level 10. HP: 33/50 MP: 5/27
  8502 | D:8      | Identified the +6 dire flail of Mayhem {vorpal, rN+}
  8514 | D:8      | Found a transporter.
  8514 | D:8      | Noticed gruber's ghost (novice NaTm)
  8523 | D:8      | Found a transporter.
  8637 | D:8      | Noticed Maggie
  8645 | D:8      | Killed Maggie
  8645 | D:8      | Reached skill level 12 in Spellcasting
  9224 | D:8      | Offered knowledge of Shock by Vehumet.
  9480 | D:9      | Noticed a two-headed ogre
  9492 | D:9      | Killed a two-headed ogre
  9492 | D:9      | Reached ** piety under Vehumet
  9868 | D:9      | Found Neqimeimn's Weapon Shoppe.
  9910 | D:9      | Found Caehec's Assorted Antiques.
  9913 | D:9      | Bought a warped leather armour for 168 gold pieces
  9924 | D:9      | Identified the +3 leather armour of Complete Protection
                  | {+Fly rN+ Regen+} (You bought it in a shop on level 9 of
                  | the Dungeon)
  9931 | D:9      | Found Weammufio's Antique Weapon Shop.
 10278 | D:9      | Noticed Erica
 10287 | D:9      | Killed Erica
 10287 | D:9      | Reached skill level 13 in Spellcasting
 10393 | D:9      | Found Muats's General Store.
 10396 | D:9      | Bought 2 scrolls of magic mapping for 98 gold pieces
 10396 | D:9      | Bought a scroll of identify for 28 gold pieces
 10396 | D:9      | Bought a scroll of magic mapping for 49 gold pieces
 10396 | D:9      | Bought a scroll of magic mapping for 49 gold pieces
 10532 | D:9      | Offered knowledge of Conjure Flame by Vehumet.
 10537 | D:9      | Learned a level 3 spell: Conjure Flame
 10674 | D:9      | Reached XP level 11. HP: 54/54 MP: 26/30
 10780 | D:9      | Found a staircase to the Lair.
 10940 | D:10     | Entered Level 10 of the Dungeon
 11105 | D:10     | Reached skill level 1 in Fire Magic
 11316 | D:10     | Killed an unseen horror
 11439 | D:10     | Found a staircase to the Orcish Mines.
 11583 | D:10     | Reached *** piety under Vehumet
 11715 | D:10     | Reached skill level 14 in Spellcasting
 11718 | D:10     | Identified the +6 scimitar "Sunlugh" {venom, Dex+3 SInv}
 12512 | D:11     | Offered knowledge of Static Discharge by Vehumet.
 13173 | D:11     | Slain by a gargoyle

Illustrated notes

Levels and vault maps discovered:
D:1:      dpeg_arrival_three_bigger_balls, layout_basic
D:2:      minmay_angry_zag, layout_loops_cross, serial_bayou_crossing
D:3:      layout_loops_ring, grunt_temple_overflow_open, first_ration,
          minmay_hedge_maze, led_sif_pool
D:4:      layout_layer_cave, uniq_eustachio, uniq_blork_the_orc
D:5:      layout_basic, uniq_duvessa, uniq_pikel
D:6:      layout_basic, overflow_temple_1_default, temple_fountains
D:7:      layout_loops_ring, serial_glass, glass_columns_b, glass_columns_b,
          grunt_ogre_cave, minmay_misc_feat_doors, uniq_menkaure, uniq_harold
D:8:      layout_basic, gammafunk_ghost_smash, uniq_maggie
D:9:      layout_basic, lair_entry_dummy, serial_shops, shop, shop, shop,
          kennysheep_mini_moat, hangedman_decor_points, uniq_erica
D:10:     cheibrodos_iron_armory, layout_basic, orc_0_dummy
D:11:     layout_loops_ring, minivault_16, uniq_josephine, uniq_gastronok
Temple:   hc_temple_tempest_star

Skill      XL: |  1  2  3  4  5  6  7  8  9 10 11 |
---------------+----------------------------------+-----
Spellcasting   | 4 5 6 7 8 10 11 13 14 | 14.6
Conjurations   | 5 6 7 8 9 10 12 13 | 13.0
Hexes          | 2 4 6 8 9 |  9.0
Translocations | 1 3 5 6 |  6.0
Fire Magic     | 3 |  3.6
Dodging        | |  2.4
Stealth        | |  2.4

Action                   |  1- 3 |  4- 6 |  7- 9 | 10-12 || total
-------------------------+-------+-------+-------+-------++-------
Melee: Spear             |       |       |     1 |     5 ||     6
 Cast: Magic Dart        |    51 |    80 |   146 |   101 ||   378
       Searing Ray       |     1 |    13 |    44 |    59 ||   117
       Fulminant Prism   |       |       |     5 |    37 ||    42
       Iskenderun's Myst |       |       |     1 |    14 ||    15
       Conjure Flame     |       |       |       |     5 ||     5
  Use: Scroll            |       |     1 |     5 |     7 ||    13
  Eat: Chunk             |     1 |     7 |    14 |    15 ||    37
Armor: Robe              |     2 |     1 |       |       ||     3
       Leather armour    |       |       |     5 |    13 ||    18
Dodge: Dodged            |     8 |     8 |    19 |    45 ||    80
